 Dungeon Crawl Stone Soup version 0.20.1-1-g8b1a95d (webtiles) character file.

21 Gargoyl the Skirmisher (level 2, -4/27 HPs)
             Began as a Minotaur Abyssal Knight on Oct 9, 2017.
             Was a Follower of Lugonu.
             Slain by Sigmund
             ... wielding a +0 scythe
              (10 damage)
             ... on level 2 of the Dungeon.
             The game lasted 00:02:59 (556 turns).

Gargoyl the Skirmisher (Minotaur Abyssal Knight)     Turns: 556, Time: 00:03:00

Health: -4/27      AC:  5    Str: 16    XL:     2   Next: 65%
Magic:  2/2        EV: 10    Int:  9    God:    Lugonu [*.....]
Gold:   33         SH:  0    Dex:  9    Spells: 1/1 levels left

rFire    . . .     SeeInvis .   a - +1 hand axe
rCold    . . .     Gourm    .   (no shield)
rNeg     . . .     Faith    .   g - +0 ring mail
rPois    +         Spirit   .   (helmet restricted)
rElec    .         Reflect  .   (no cloak)
rCorr    .         Harm     .   (no gloves)
MR       .....                  (no boots)
Stlth    ..........             (no amulet)
Regen    0.1/turn               d - ring of poison resistance (curse)
MPRegen  0.1/turn               (no ring)

@: confused
A: retaliatory headbutt, horns 2
a: Depart the Abyss, Renounce Religion


You were on level 2 of the Dungeon.
You worshipped Lugonu.
Lugonu was aware of your devotion.
You were not hungry.

You visited 1 branch of the dungeon, and saw 2 of its levels.
You visited the Abyss 1 time.

You collected 33 gold pieces.

Inventory:

Hand Weapons
 a - a +1 hand axe (weapon)
Armour
 g - a +0 ring mail (worn)
Jewellery
 d - a cursed ring of poison resistance (left hand)
 e - an uncursed amulet of harm {unknown}
Comestibles
 b - 2 chunks of flesh
 c - a bread ration


   Skills:
 + Level 3.8 Fighting
 + Level 3.1 Axes
 * Level 2.8 Armour
 + Level 1.2 Dodging
 * Level 2.1 Invocations


You had one spell level left.
You didn't know any spells.

Dungeon Overview and Level Annotations

Branches:
Dungeon (2/15)

Altars:

Annotations:
D:2 Sigmund


Innate Abilities, Weirdness & Mutations

You reflexively headbutt those who attack you in melee.
You have a pair of horns on your head.


Message History

Sigmund gestures at you while chanting.
You are confused.
Sigmund hits you with a scythe!
You aren't carrying any potions.
You're too confused to move!
Sigmund barely misses you.
You feel less confused. Sigmund gestures at you while chanting.
You resist with significant effort. Sigmund casts a spell at you.
You are confused.
Sigmund hits you with a scythe.
* * * LOW HITPOINT WARNING * * *
Unknown command.
Sigmund gestures at you while chanting.
You are more confused.
Sigmund casts a spell.
Sigmund flickers and vanishes!
Deactivating autopickup; reactivate with Ctrl-A.
You're too confused to move!
Something hits you!
You die...

.. #.##...## .. ..
#.#.....##.# #.
#........#.#
#.######.......##.#
#....##.......###.#
#.##...........##.#
#. ####..{.....##.#
..
##..........#######
.#
####@#####.......<
# #.# #.####### #.#
#.# #### #.# #.#
#... #.#####.# #.##
........#######.#
#...............#
#################


There were no monsters in sight!

Vanquished Creatures
  An adder (D:2)
  A goblin (D:1)
  A hobgoblin (D:1)
  3 jackals (D:2)
  3 bats (D:2)
  2 kobolds
  A rat (D:1)
12 creatures vanquished.

Vanquished Creatures (others)
  14 starspawn tentacles (Abyss:1)
14 creatures vanquished.

Grand Total: 26 creatures vanquished

Notes
Turn   | Place    | Note
-------+----------+-------------------------------------------
     0 | Abyss:1  | Gargoyl the Minotaur Abyssal Knight began the quest for the Orb.
     0 | Abyss:1  | Reached XP level 1. HP: 19/19 MP: 1/1
    54 | Abyss:1  | Noticed a thrashing horror
    64 | Abyss:1  | Noticed a large abomination
   106 | Abyss:1  | Noticed a tentacled starspawn
   179 | Abyss:1  | Noticed a freezing wraith
   192 | Abyss:1  | Found a sparkling altar of Nemelex Xobeh.
   196 | Abyss:1  | Noticed a large abomination
   202 | D:1      | Escaped the Abyss
   325 | D:1      | Reached * piety under Lugonu
   423 | D:2      | Reached XP level 2. HP: 22/26 MP: 2/2
   536 | D:2      | Noticed Sigmund
   556 | D:2      | Slain by Sigmund

Skill      XL: |  1  2 |
---------------+-------+-----
Invocations    | 2 |  2.1
Axes           | 3 |  3.1
Fighting       | |  3.8
Armour         | |  2.8
Dodging        | |  1.2

Action                   || total
-------------------------++-------
Melee: Hand axe          ||    25
       Headbutt          ||     7
Invok: Depart the Abyss  ||     1
  Use: Scroll            ||     2
Armor: Ring mail         ||     9
       Leather armour    ||     1
Dodge: Dodged            ||    23
